 Dungeon Crawl Stone Soup version 0.24-a0-107-g431b8d2fe3 (webtiles) character file.

Game seed: 12723201760825073707

11201 Niddhogr the Tainter (level 12, -6/74 HPs)
             Began as a Formicid Venom Mage on Feb 14, 2019.
             Was an Initiate of Gozag.
             Killed from afar by Fannar (23 damage)
             ... with a bolt of cold
             ... on level 10 of the Dungeon.
             The game lasted 01:04:38 (11850 turns).

Niddhogr the Tainter (Formicid Venom Mage)         Turns: 11850, Time: 01:04:38

Health: -6/74      AC:  8    Str: 13    XL:     12   Next: 4%
Magic:  3/24       EV: 11    Int: 24    God:    Gozag
Gold:   565        SH: 10    Dex: 11    Spells: 3/27 levels left

rFire    + + .     SeeInvis +   k - +9 staff of Olgreb {rPois}
rCold    . . .     Gourm    .   F - +0 shield {rF+}
rNeg     . . .     Faith    .   P - +2 leather armour {rF+}
rPois    ∞         Spirit   .   (helmet unavailable)
rElec    .         Reflect  .   (no cloak)
rCorr    .         Harm     .   (no gloves)
MR       +....                  D - +2 pair of boots
Stlth    ++........             (no amulet)
HPRegen  0.22/turn              r - +4 ring of intelligence
MPRegen  0.19/turn              (no ring)

@: starving, lightly drained
A: permanent stasis, dig shafts and tunnels, four strong arms, antennae 3
a: Dig, Shaft Self, Potion Petition, Call Merchant, Bribe Branch, Renounce
Religion


You were on level 10 of the Dungeon.
You worshipped Gozag.
Gozag was pleased with you.
You were starving.

You visited 2 branches of the dungeon, and saw 13 of its levels.
You also visited: Sewer and Bailey.

You collected 2488 gold pieces.
You spent 1298 gold pieces at shops.
You paid 625 gold pieces to Gozag.

Inventory:

Hand Weapons
 k - the +9 staff of Olgreb (weapon) {rPois}
   (You found it on level 7 of the Dungeon)

   It protects you from poison.
 t - a +1 whip of electrocution
 M - a +6 trident of piercing
 R - the cursed +1 whip "Paurocai" {vamp, rF+ MR+ SInv, unknown}
   (You found it on level 10 of the Dungeon)

   It inflicts no extra harm, but heals its wielder when it wounds a living foe.
   It protects you from fire.
   It affects your resistance to hostile enchantments.
   It lets you see invisible.
   It has a curse placed upon it.
Missiles
 j - 175 arrows
 w - 5 throwing nets (quivered)
 y - 6 needles of paralysis
Armour
 m - a +0 buckler
 D - a +2 pair of boots (worn)
 E - the cursed +1 plate armour "Bazazob" {MP+9 Dex-5 SInv Stlth+, unknown}
   (You found it in a bailey)

   It affects your dexterity (-5).
   It affects your magic capacity (+9).
   It lets you see invisible.
   It makes you more stealthy.
   It has a curse placed upon it.
 F - a +0 shield of fire resistance (worn)
 N - a +2 scale mail of positive energy
 P - a +2 leather armour of fire resistance (worn)
Jewellery
 r - a +4 ring of intelligence (left hand)
Wands
 l - a wand of random effects (1)
 n - a wand of enslavement (6)
 q - a wand of acid (4)
 s - a wand of iceblast (9)
 z - a wand of flame (11)
 I - a wand of polymorph (5)
 K - a wand of paralysis (8)
 O - a wand of disintegration (9)
Scrolls
 d - 3 scrolls of fog
 e - 5 scrolls of remove curse
 g - 2 scrolls of enchant weapon
 h - 2 scrolls of amnesia
 i - 2 scrolls of immolation
 u - a scroll of teleportation {unknown}
 x - a scroll of noise {unknown}
 G - a scroll of fear {unknown}
 H - a scroll of enchant armour {unknown}
 J - a scroll of silence
 S - a scroll of blinking {unknown}
 T - a scroll of torment {unknown}
Potions
 a - 2 potions of curing
 b - a potion of resistance {unknown}
 f - 3 potions of ambrosia
 o - 5 potions of heal wounds
 p - 2 potions of might
 v - 3 potions of lignification
 A - a potion of brilliance {unknown}
 B - a potion of agility {unknown}
 C - a potion of magic {unknown}
 L - a potion of degeneration {unknown}
 Q - a potion of flight
Comestibles
 c - 18 rations


   Skills:
 + Level 7.1(6.9) Staves
 - Level 1.7(1.6) Dodging
 - Level 2.4(2.2) Stealth
 - Level 9.3(9.1) Shields
 - Level 8.0(7.8) Spellcasting
 - Level 2.2(2.1) Conjurations
 - Level 8.0(7.8) Earth Magic
 - Level 10.0(9.7) Poison Magic
 + Level 8.6(8.4) Evocations


You had 3 spell levels left.
You knew the following spells:

 Your Spells              Type           Power        Failure   Level  Hunger
a - Spectral Weapon       Hex/Chrm       #.......     26%         3    None
b - Poisonous Vapours     Pois/Air       #####.       1%          2    None
c - Mephitic Cloud        Conj/Pois/Air  #####...     4%          3    None
d - Conjure Ball Lightni  Conj/Air       ##........   100%        6    ######.
e - Passwall              Tmut/Erth      ####....     2%          2    None
f - Lee's Rapid Deconstr  Erth           #####.....   10%         5    #####..
g - Vampiric Draining     Necr           #.........   26%         3    None

Your spell library contained the following spells:

 Spells                   Type           Power        Failure   Level  Hunger
 Sting                    Conj/Pois      ####         1%          1    None
 Animate Skeleton         Necr           N/A          9%          1    None
 Infusion                 Chrm           #...         9%          1    None
 Pain                     Necr           #...         9%          1    None
 Shroud of Golubria       Chrm/Tloc      #.........   13%         2    None
 Song of Slaying          Chrm           #.......     13%         2    None
 Regeneration             Chrm/Necr      #.........   26%         3    None
 Olgreb's Toxic Radiance  Pois           ######..     1%          4    ###....
 Venom Bolt               Conj/Pois      ######....   21%         5    #####..
 Animate Dead             Necr           N/A          63%         4    ###....


Dungeon Overview and Level Annotations

Branches:
Dungeon (12/15)            Temple (1/1) D:4            Lair (0/6) D:10
    Orc: D:9-12

Altars:
Ashenzari
Gozag
Kikubaaqudgha
Ru
Trog
Vehumet
Zin

Shops:
D:4 :   D:9 %   D:10 }

Annotations:
D:7 1 runed translucent door
D:10 Fannar


Innate Abilities, Weirdness & Mutations

You cannot be hasted, slowed, berserked, paralysed or teleported.
You can dig through walls and to a lower floor.
Your four strong arms can wield two-handed weapons with a shield.
You have a pair of large antennae on your head. (SInv)


Message History

Fannar points at you and mumbles some strange words.
The bolt of cold hits you!!!
Ouch! That really hurt!
* * * LOW HITPOINT WARNING * * *
Unknown command.
Unknown command.
Unknown command.
Casting: Lee's Rapid Deconstruction (slightly dangerous; 10% risk of failure)
Confirm with . or Enter, or press ? or * to list all spells.
Aiming: Lee's Rapid Deconstruction (slightly dangerous; 10% risk of failure)
Press: ? - help, Dir - move target cursor A rock wall.
The wall shatters!
The blast of rock fragments hits Fannar!
Fannar is almost dead.
You are starving!
Fannar points at you and mumbles some strange words.
The bolt of cold hits you!!
You die...
Your body crumbles into a pile of gold.

###########
############...(@....#
#.........##.###e###<#
#.........##.#.#...# ########
#.........##.#.###.# #.......
#.........##.....#.# #.#.#.##
#.........######.#.##### #.#.#.#.
'..........#.....#.....# #.#.###.
#............#########.###.#.....
#.........∩.∩..>.).#..<'.'.######


You could see Fannar and a friendly spectral +9 staff of Olgreb {rPois}.

Vanquished Creatures
  Harold (D:8)
  2 two-headed ogres (D:8)
  An orc knight (Bailey)
  Pikel (D:5)
  A centaur zombie (D:11)
  A troll (D:10)
  Sigmund (D:3)
  A hippogriff (D:10)
  6 yaks (D:10)
  3 hungry ghosts
  A wyvern (D:8)
  A human (D:11)
  2 wargs (D:10)
  4 soldier ants (D:7)
  Duvessa (D:5)
  5 water moccasins
  5 orc warriors
  3 sky beasts
  3 ice beasts
  4 slaves (D:5)
  2 centaurs
  A necrophage (D:11)
  2 ogres
  3 crocodiles
  3 bullfrogs
  A wyvern zombie (D:10)
  A gnoll sergeant (D:5)
  Dowan (D:5)
  11 killer bees
  3 wights (D:11)
  5 howler monkeys
  2 crimson imps
  3 hounds
  A jelly (D:11)
  5 orc priests
  9 orc wizards
  A bullfrog skeleton (D:4)
  5 iguanas
  11 worker ants
  2 hound zombies
  A worker ant zombie (D:10)
  Robin (D:4)
  21 gnolls
  2 howler monkey skeletons
  22 adders
  A shadow imp (D:7)
  4 adder skeletons
  A worm (D:4)
  A dart slug (D:2)
  2 leopard geckos
  40 orcs
  7 ball pythons
  15 bats
  10 giant cockroaches
  23 goblins
  10 hobgoblins
  8 jackals
  8 quokkas
  2 frilled lizards
  6 kobolds
  11 rats
315 creatures vanquished.

Vanquished Creatures (collateral kills)
  A water moccasin (D:7)
1 creature vanquished.

Vanquished Creatures (others)
  A jelly (D:5)
  A bullfrog skeleton (D:10)
2 creatures vanquished.

Grand Total: 318 creatures vanquished

Notes
Turn   | Place    | Note
-------+----------+-------------------------------------------
     0 | D:1      | Niddhogr the Formicid Venom Mage began the quest for the
                  | Orb.
     0 | D:1      | Reached XP level 1. HP: 13/13 MP: 3/3
     3 | D:1      | Noticed an electric eel
     3 | D:1      | Noticed an electric eel
    16 | D:1      | Reached skill level 1 in Conjurations
   210 | D:1      | Reached XP level 2. HP: 15/19 MP: 1/5
   214 | D:1      | Learned a level 2 spell: Poisonous Vapours
   519 | D:1      | Found a shattered altar of Ashenzari.
   526 | D:1      | Reached XP level 3. HP: 24/24 MP: 0/6
   880 | D:1      | Reached skill level 5 in Poison Magic
   966 | D:2      | Learned a level 3 spell: Mephitic Cloud
  1146 | D:2      | Found a radiant altar of Vehumet.
  1210 | D:2      | Reached XP level 4. HP: 30/30 MP: 2/7
  1679 | D:3      | Found a glowing drain.
  1687 | D:3      | Reached skill level 6 in Poison Magic
  1798 | D:3      | Reached XP level 5. HP: 9/35 MP: 1/8
  1965 | Sewer    | Entered a sewer
  2019 | Sewer    | Noticed a crocodile
  2168 | Sewer    | Killed a crocodile
  2168 | Sewer    | Reached skill level 7 in Poison Magic
  2168 | Sewer    | Reached XP level 6. HP: 9/41 MP: 0/9
  2439 | Sewer    | Learned a level 4 spell: Olgreb's Toxic Radiance
  2597 | D:3      | Reached skill level 8 in Poison Magic
  3173 | D:3      | Noticed Sigmund
  3228 | D:3      | Killed Sigmund
  3228 | D:3      | Reached skill level 9 in Poison Magic
  3228 | D:3      | Reached XP level 7. HP: 36/46 MP: 1/10
  3320 | D:4      | Found a staircase to the Ecumenical Temple.
  3332 | Temple   | Entered the Ecumenical Temple
  3338 | Temple   | Became a worshipper of Gozag Ym Sagoz the Greedy
  3367 | D:4      | Reached skill level 10 in Poison Magic
  3777 | D:4      | Noticed Robin
  3790 | D:4      | Killed Robin
  3947 | D:4      | Found Nuvat's Book Emporium.
  4223 | D:5      | Entered Level 5 of the Dungeon
  4321 | D:5      | Reached XP level 8. HP: 52/52 MP: 8/14
  4337 | D:5      | Noticed Duvessa
  4352 | D:5      | Noticed Dowan
  4360 | D:5      | Killed Duvessa
  4360 | D:5      | Reached skill level 5 in Spellcasting
  4361 | D:5      | Killed Dowan
  4927 | D:5      | Noticed Pikel
  5035 | D:5      | Killed Pikel
  5035 | D:5      | Reached XP level 9. HP: 41/57 MP: 11/20
  5187 | D:5      | Reached skill level 1 in Staves
  5288 | D:6      | Learned a level 5 spell: Venom Bolt
  5633 | D:4      | Bought the Grimoire of Dusty Air for 700 gold pieces
  5636 | D:4      | Learned a level 2 spell: Passwall
  5642 | D:4      | Learned a level 5 spell: Lee's Rapid Deconstruction
  5869 | D:7      | Reached skill level 1 in Shields
  5869 | D:7      | Reached skill level 1 in Earth Magic
  5875 | D:7      | Found a runed translucent door.
  5882 | D:7      | Found a runed translucent gate.
  5882 | D:7      | Found a runed translucent gate.
  5969 | D:7      | Found a runed translucent gate.
  5979 | D:7      | Found a runed translucent door.
  6008 | D:7      | Found a flagged portal.
  6160 | Bailey   | Entered a bailey
  6480 | Bailey   | Got a steaming plate armour
  6510 | Bailey   | Noticed an orc knight
  6525 | Bailey   | Killed an orc knight
  6525 | Bailey   | Reached skill level 5 in Shields
  6525 | Bailey   | Reached skill level 5 in Earth Magic
  6933 | D:7      | Found the +9 staff of Olgreb {rPois}
  6988 | D:7      | Reached XP level 10. HP: 63/63 MP: 7/22
  7680 | D:7      | Learned a level 3 spell: Vampiric Draining
  7706 | D:8      | Noticed a two-headed ogre
  7712 | D:8      | Killed a two-headed ogre
  7987 | D:8      | Noticed a two-headed ogre
  7997 | D:8      | Killed a two-headed ogre
  7997 | D:8      | Reached XP level 11. HP: 68/68 MP: 4/23
  8536 | D:8      | Noticed Harold
  8553 | D:8      | Killed Harold
  8553 | D:8      | Reached skill level 5 in Evocations
  8945 | D:9      | Reached skill level 5 in Staves
  9472 | D:9      | Bought a ration for 65 gold pieces
  9472 | D:9      | Bought a ration for 65 gold pieces
  9472 | D:9      | Bought a ration for 65 gold pieces
  9472 | D:9      | Bought a ration for 65 gold pieces
  9472 | D:9      | Bought a ration for 65 gold pieces
  9472 | D:9      | Bought a ration for 65 gold pieces
  9472 | D:9      | Bought a ration for 65 gold pieces
  9504 | D:10     | Entered Level 10 of the Dungeon
  9513 | D:10     | Noticed Fannar
 10547 | D:10     | Found a staircase to the Lair.
 10598 | D:10     | Got a faintly glowing whip
 10752 | D:10     | Found Duashro's Gadget Shoppe.
 10782 | D:10     | Bought a wand of iceblast (9) for 143 gold pieces
 10970 | D:10     | You fall through a shaft for 2 floors!
 11280 | D:11     | Reached XP level 12. HP: 41/74 MP: 24/24
 11577 | D:11     | Learned a level 3 spell: Spectral Weapon
 11584 | D:11     | Learned a level 6 spell: Conjure Ball Lightning
 11850 | D:10     | Killed from afar by Fannar

Levels and vault maps discovered:
D:1:      arrival_aquarium_b, layout_loops_corners, evilmike_ruin_ashenzari
D:2:      layout_basic, vehumet_crystals
D:3:      layout_basic, gup_sewer_entry_glass, minmay_shallow_snake_nest,
          uniq_sigmund
D:4:      layout_basic, minmay_temple_entry_trees, first_ration, serial_shops,
          kennysheep_little_box, uniq_robin
D:5:      layout_rooms, uniq_duvessa, uniq_pikel
D:6:      corexii_shack_village, layout_basic
D:7:      layout_basic, lightli_bailey_entry_fortress,
          minmay_guarded_unrand_staff_of_olgreb
D:8:      layout_gridville, uniq_harold
D:9:      layout_basic
D:10:     layout_roguey, erik_lair_orcish_takeover, serial_shops,
          nicolae_shop_competitors_out_of_business, lemuel_flame_loot_1,
          uniq_fannar
D:11:     layout_roguey, hangedman_stone_soup
D:12:     layout_loops_ring, orc_0_dummy, ebering_ghost_xom, uniq_psyche
Temple:   nicolae_temple_the_god_donut
Sewer:    sewer_big_baddie
Bailey:   bailey_polearm_1, bailey

Skill      XL: |  1  2  3  4  5  6  7  8  9 10 11 12 |
---------------+-------------------------------------+-----
Conjurations   | 1 2 |  2.2
Poison Magic   | 5 6 7 9 10 | 10.0
Spellcasting   | 4 7 8 |  8.0
Staves         | 2 6 7 |  7.1
Shields        | 5 9 |  9.3
Earth Magic    | 5 8 |  8.0
Evocations     | 4 8 |  8.6
Dodging        | |  1.7
Stealth        | |  2.4

Action                   |  1- 3 |  4- 6 |  7- 9 | 10-12 || total
-------------------------+-------+-------+-------+-------++-------
Melee: Whip              |    67 |    16 |   107 |    27 ||   217
       Unarmed           |     4 |       |       |       ||     4
       Dagger            |       |    86 |   105 |       ||   191
       Staff             |       |       |       |   313 ||   313
 Cast: Sting             |     7 |       |       |       ||     7
       Poisonous Vapours |    20 |    25 |    33 |    24 ||   102
       Mephitic Cloud    |       |     3 |     7 |     2 ||    12
       Olgreb's Toxic Ra |       |     5 |    12 |     6 ||    23
       Lee's Rapid Decon |       |       |     1 |     8 ||     9
       Venom Bolt        |       |       |       |     2 ||     2
       Spectral Weapon   |       |       |       |     1 ||     1
Invok: Call Merchant     |       |       |       |     1 ||     1
 Abil: Shaft Self        |       |       |       |     1 ||     1
Evoke: Wand              |       |     4 |     9 |    19 ||    32
       Staff of Olgreb   |       |       |       |    19 ||    19
  Use: Scroll            |       |     4 |     3 |     6 ||    13
       Potion            |       |     4 |     1 |     4 ||     9
 Stab: Sleeping          |     2 |     1 |     3 |     1 ||     7
       Invisible         |       |     2 |       |       ||     2
       Confused          |       |     1 |       |     2 ||     3
       Distracted        |       |       |     1 |     4 ||     5
  Eat: Chunk             |     2 |    10 |     2 |       ||    14
       Ration            |       |       |     4 |     7 ||    11
Armor: Robe              |    19 |    17 |    30 |    23 ||    89
       Skin              |       |       |     5 |     3 ||     8
       Leather armour    |       |       |       |    39 ||    39
Dodge: Dodged            |    49 |   104 |   140 |    94 ||   387
Block: Buckler           |       |       |     5 |    10 ||    15
       Shield            |       |       |       |    95 ||    95

Table legend:
 A = Non-vault XP
 B = Vault XP
 C = Vault XP percentage of total XP
 D = Non-vault monster count
 E = Vault monster count
 F = Vault count percentage of total count
                 A         B        C        D         E       F
            +---------+---------+-------+---------+---------+-------
      Total |    9386 |    6616 |  41.3 |     216 |      97 |  31.0
            +---------+---------+-------+---------+---------+-------
        D:1 |      47 |       0 |   0.0 |      30 |       0 |   0.0
        D:2 |      54 |       0 |   0.0 |      17 |       0 |   0.0
        D:3 |     169 |     315 |  65.1 |      27 |      12 |  30.8
        D:4 |     242 |      38 |  13.6 |      19 |      13 |  40.6
        D:5 |     369 |     891 |  70.7 |      12 |       3 |  20.0
        D:6 |     124 |       6 |   4.6 |      11 |       3 |  21.4
        D:7 |     155 |    2011 |  92.8 |       7 |      32 |  82.1
        D:8 |    2705 |    1034 |  27.7 |      15 |       1 |   6.2
        D:9 |    1481 |       0 |   0.0 |      35 |       0 |   0.0
       D:10 |    2642 |     625 |  19.1 |      21 |       9 |  30.0
       D:11 |    1302 |     361 |  21.7 |      21 |       4 |  16.0
       D:12 |      96 |       0 |   0.0 |       1 |       0 |   0.0
      Sewer |       0 |     118 | 100.0 |       0 |       6 | 100.0
     Bailey |       0 |    1217 | 100.0 |       0 |      14 | 100.0
            +---------+---------+-------+---------+---------+-------
